Map: Lost and Found LE

Players

Serral

  • Race: Zerg Zerg
  • League: Master
  • Spawn Location: 7:00

liquidthermy (uThermal) - Winner!

  • Race: Terran Terran
  • League: Master
  • Spawn Location: 1:00

Event: HomeStory Cup XVIII

VOD

Have the link to the VOD?

Description

Time

  • Played on: Nov. 25, 2018, 8:34 a.m.
  • Length: 3:05

All games in this series

Show
View Real Time Build Order
Export as new Build Order

Serral Zerg 

Build Orders: Hatch First 

Get SALT Encoding   

  12  0:00  Drone  
  13  0:12  Overlord  
  13  0:18  Drone  
  14  0:31  Drone x2  
  16  0:48  Hatchery  
  15  0:51  Drone  
  15  0:55  Drone  
  17  0:58  Drone  
  18  1:08  Extractor  
  17  1:13  Spawning Pool  
  17  1:16  Drone  
  17  1:19  Drone  
  18  1:27  Drone  
  19  1:38  Drone  
  20  1:49  Drone  
  21  1:59  Queen  
  21  2:00  Zergling x4  
  27  2:06  Roach Warren  
  27  2:07  Spine Crawler  
  23  2:08  Extractor  
  23  2:14  Zergling x2  
  23  2:15  Zergling x2  
  24  2:18  Queen  
  27  2:27  Overlord  
  26  2:46  Zergling x4  
  26  2:48  Zergling x4  
Show
View Real Time Build Order
Export as new Build Order

liquidthermy Terran - Winner!

Build Orders:  

Get SALT Encoding   

  12  0:01  SCV  
  13  0:13  Supply Depot  
  13  0:19  SCV  
  14  0:36  Barracks  
  14  0:48  Barracks  
  14  0:52  SCV  
  15  1:04  SCV  
  16  1:07  Refinery  
  16  1:16  SCV  
  17  1:22  Marine  
  18  1:28  Bunker  
  18  1:30  Orbital Command  
  18  1:34  Marine  
  19  1:40  Marine  
  20  1:49  Supply Depot  
  20  1:53  Marine  
  21  1:58  SCV  
  22  2:02  Marine  
  23  2:12  Factory  
  23  2:16  SCV  
  23  2:19  Marine  
  23  2:21  Marine  
  26  2:29  SCV  
  27  2:40  Supply Depot  
  27  2:41  Marine  
  27  2:44  Marine  
  28  2:45  SCV  
  28  3:02  Factory Reactor  
Tags
 
Add a new tag
Caveats
  • Supply blocks, unpowered buildings, or Contaminate may cause inaccurate times.
  • Supply counts are checked every 10 seconds.